 Dungeon Crawl Stone Soup version 0.31-a0-1027-gfb7600b534 (webtiles) character file.

Game seed: 5610536757059935173

9 Gynju the Vexing (level 2, -1/21 HPs)
             Began as a Barachi Hexslinger on Nov 18, 2023.
             Slain by a jackal (3 damage)
             ... on level 1 of the Dungeon.
             The game lasted 00:00:45 (126 turns).

Gynju the Vexing (Barachi Hexslinger)                Turns: 126, Time: 00:00:46

Health: -1/21      AC:  2    Str:  9    XL:     2   Next: 12%
Magic:  4/4        EV: 12    Int: 13    God:
Gold:   0          SH:  0    Dex: 14    Spells: 3/3 levels left

rFire   . . .        a - +1 sling
rCold   . . .        (no shield)
rNeg    . . .        c - +0 robe
rPois   .            (no helmet)
rElec   .            (no cloak)
rCorr   .            (no gloves)
SInv    .            (no boots)
Will    .....        (no amulet)
Stlth   +            (no ring)
HPRegen 0.23/turn    (no ring)
MPRegen 0.09/turn

%: no passive effects
@: slow
A: amphibious, slowness 1, strong legs 1, +LOS
a: Hop


You were on level 1 of the Dungeon.
You visited 1 branch of the dungeon, and saw 1 of its levels.

Inventory:

Hand Weapons
 a - a +1 sling (weapon)
Armour
 c - a +0 robe (worn)
Scrolls
 b - a scroll of poison
 d - a scroll of identify {unknown}


   Skills:
 + Level 1.4 Fighting
 * Level 2.2 Ranged Weapons
 + Level 2.3 Dodging
 + Level 1.3 Spellcasting
 + Level 3.3 Hexes
 + Level 1.2 Fire Magic


You had 3 spell levels left.
You didn't know any spells.
Your spell library contained the following spells:

 Spells                   Type           Power      Damage    Failure   Level
 Jinxbite                 Hex            18%        N/A       11%         2
 Sigil of Binding         Hex            9%         N/A       21%         3
 Inner Flame              Hex/Fire       6%         N/A       32%         3
 Cause Fear               Hex            4%         N/A       56%         4
 Dimensional Bullseye     Hex/Tloc       2%         N/A       80%         4


Dungeon Overview and Level Annotations

Branches:
Dungeon (1/15)

Altars:


Innate Abilities, Weirdness & Mutations

You are amphibious.
You cover ground slowly.
You can hop short distances.
You have an extended range of vision and can be seen from far away.


Message History

You are too injured to fight recklessly!
You are too injured to fight recklessly!
You are too injured to fight recklessly!
You are too injured to fight recklessly!
You are too injured to fight recklessly!
You are too injured to fight recklessly!
You are too injured to fight recklessly!
You are too injured to fight recklessly!
You are too injured to fight recklessly!
You are too injured to fight recklessly!
You are too injured to fight recklessly!
You shoot a sling bullet.
The sling bullet completely misses the jackal.
The jackal bites you. The jackal closely misses you.
The jackal bites you but does no damage.
You shoot a sling bullet. The sling bullet hits the jackal.
The jackal is moderately wounded.
The jackal bites you. The jackal completely misses you.
The jackal closely misses you. The jackal bites you.
You shoot a sling bullet.
The sling bullet closely misses the jackal.
The jackal misses you. x3; The jackal bites you.
* * * LOW HITPOINT WARNING * * *
You shoot a sling bullet. The sling bullet hits the jackal.
The jackal is heavily wounded.
The jackal bites you.
* * * LOW HITPOINT WARNING * * *
The jackal bites you.
* * * LOW HITPOINT WARNING * * *
The jackal bites you.
* * * LOW HITPOINT WARNING * * *
The jackal misses you.
You shoot a sling bullet.
The sling bullet barely misses the jackal.
The jackal closely misses you. The jackal misses you.
The jackal bites you but does no damage.
You shoot a sling bullet. The sling bullet hits the jackal.
You kill the jackal!
The jackal bites you.
You die...

#.........#
#)........
###.##.#.##
#.........
#.##.#.#
#.........
#.##.#.#
#.....###.
#....#.#
#.....#
######.#
##.....#
#.#
##..#####
#.#
##......##
#.#
#@†......#
..#
#h####....#
#.. ##....
.... ##..#
####.. ##
... ...#
###


You could see a jackal.

Vanquished Creatures
  2 bats (D:1)
  2 endoplasms (D:1)
  A giant cockroach (D:1)
  2 jackals (D:1)
  A kobold (D:1)
8 creatures vanquished.

Notes
Turn   | Place    | Note
-------+----------+-------------------------------------------
     0 | D:1      | Gynju the Barachi Hexslinger began the quest for the Orb.
     0 | D:1      | Reached XP level 1. HP: 15/15 MP: 2/2
   115 | D:1      | Reached XP level 2. HP: 21/21 MP: 3/3
   124 | D:1      | HP: 1/21 [jackal (1)]
   126 | D:1      | Slain by a jackal

Illustrated notes

Levels and vault maps discovered:
D:1:      dpeg_arrival_lava_altar, layout_basic, minmay_misc_feat_x, st_stairs_1

Action                     || total
---------------------------++-------
   Fire: Sling             ||    39
 Armour: Robe              ||    25
  Dodge: Dodged            ||    30

Table legend: (Time is in decaauts)
 A = Elapsed time spent in this place.
 B = Non-inter-level travel time spent in this place.
 C = Inter-level travel time spent in this place.
 D = Time resting spent in this place.
 E = Time spent auto-exploring this place.
 F = Levels seen in this place.
 G = Mean time per level.
                   A        B        C        D        E       F      G
               +--------+--------+--------+--------+--------+-----+--------+
         Total |    152 |    152 |      0 |      0 |     92 |   1 |  152.0 |
       Dungeon |    152 |    152 |      0 |      0 |     92 |   1 |  152.0 |
               +--------+--------+--------+--------+--------+-----+--------+

Top non-repeatable levels by time:
     D:1: 152 daAuts
